 Dungeon Crawl Stone Soup version 0.28.0-43-g3370ac3207 (webtiles) character file.

Game seed: 59466747133352145

169 themarg the Insei (level 5, -3/22 (41) HPs)
             Began as a Gnoll Transmuter on Mar 22, 2022.
             Was a Believer of Vehumet.
             Slain by Duvessa
             ... wielding a +2 short sword of draining
              (6 damage)
             ... on level 4 of the Dungeon.
             The game lasted 00:10:19 (4416 turns).

themarg the Insei (Gnoll Transmuter)                Turns: 4416, Time: 00:10:19

HP:   -3/22 (41)    AC:  5    Str: 10    XL:     5   Next: 50%
MP:   0/12          EV: 13    Int: 14    God:    Vehumet [**....]
Gold: 120           SH:  0    Dex: 12    Spells: 11/14 levels left

rFire   . . .      SeeInvis .   l - +4 flail
rCold   . . .      Faith    .   (no shield)
rNeg    . . .      Spirit   +   h - +0 leather armour
rPois   .          Reflect  .   (no helmet)
rElec   .          Harm     .   (no cloak)
rCorr   .          Rampage  .   o - +0 pair of gloves
Will    .....                   c - +0 pair of boots
Stlth   +.........              d - amulet of guardian spirit
HPRegen 0.07/turn               (no ring)
MPRegen 0.13/turn               (no ring)

@: very heavily drained
A: fangs 1, strong nose, distributed training
a: Renounce Religion


You were on level 4 of the Dungeon.
You worshipped Vehumet.
Vehumet was pleased with you.
You visited 1 branch of the dungeon, and saw 4 of its levels.

You collected 120 gold pieces.

Inventory:

Hand Weapons
 l - a +4 flail (weapon)
 p - a +9 club
Missiles
 f - 151 stones
 r - 5 datura-tipped darts
 y - 3 poisoned darts
Armour
 a - a +0 robe
 c - a +0 pair of boots (worn)
 h - a +0 leather armour (worn)
 o - a +0 pair of gloves (worn)
 x - a +2 kite shield
Magical Staves
 u - a staff of air
Jewellery
 b - a ring of ice
 d - an amulet of guardian spirit (around neck)
 i - a ring of ice
Scrolls
 e - 2 scrolls of teleportation {unknown}
 k - a scroll of fear {unknown}
 m - 2 scrolls of identify {unknown}
 n - a scroll of summoning {unknown}
 q - 2 scrolls of acquirement {unknown}
 t - 2 scrolls of amnesia {unknown}
 v - a scroll of holy word {unknown}
Potions
 g - a potion of attraction {unknown}
 j - 2 potions of curing {unknown}
 s - a potion of degeneration {unknown}
 z - a potion of resistance {unknown}


   Skills:
 + Level 3.0 Fighting
 + Level 1.5 Short Blades
 + Level 1.5 Long Blades
 + Level 1.5 Axes
 + Level 1.5 Maces & Flails
 + Level 1.5 Polearms
 + Level 1.5 Staves
 + Level 1.5 Slings
 + Level 1.5 Bows
 + Level 1.5 Crossbows
 + Level 1.5 Throwing
 + Level 1.5 Armour
 + Level 4.8 Dodging
 + Level 1.5 Stealth
 + Level 1.5 Shields
 + Level 6.7 Unarmed Combat
 + Level 5.2 Spellcasting
 + Level 1.2 Conjurations
 + Level 1.2 Hexes
 + Level 1.2 Summonings
 + Level 1.2 Necromancy
 + Level 1.2 Translocations
 + Level 4.0 Transmutations
 + Level 1.2 Fire Magic
 + Level 1.2 Ice Magic
 + Level 1.2 Air Magic
 + Level 1.2 Earth Magic
 + Level 1.2 Poison Magic
 + Level 1.7 Invocations
 + Level 1.5 Evocations


You had 11 spell levels left.
You knew the following spells:

 Your Spells              Type           Power      Damage    Failure   Level
a - Beastly Appendage     Tmut           28%        N/A       4%          1
b - Wereblood             Tmut           14%        N/A       7%          2

Your spell library contained the following spells:

 Spells                   Type           Power      Damage    Failure   Level
 Static Discharge         Conj/Air       7%         N/A       21%         2
 Spider Form              Tmut/Pois      10%        N/A       24%         3
 Ice Form                 Ice/Tmut       10%        N/A       61%         4


Dungeon Overview and Level Annotations

Branches:
Dungeon (4/15)
 Temple: D:4-7

Altars:
Cheibriados
Elyvilon
Gozag
Hepliaklqana
Kikubaaqudgha
Vehumet
Wu Jian
Yredelemnul

Shops:
D:2 [   D:4 (

Annotations:
D:4 Dowan, Duvessa


Innate Abilities, Weirdness & Mutations

You have very sharp teeth.
Your uncanny sense of smell can sniff out nearby items.
Your experience applies equally to all skills.


Message History

* * * LOW HITPOINT WARNING * * *
You feel drained.
There is an open gate here.
Your transformation is almost over.
Duvessa hits you but does no damage.
You feel drained. Duvessa misses you.
Duvessa says, "My weaknesses are his strengths!"
Duvessa says, "Where magic fails, the sword succeeds!"
Duvessa hits you with a +2 short sword of draining!
* * * LOW HITPOINT WARNING * * *
You feel drained.
It was a potion of heal wounds.
You feel much better. Duvessa hits you but does no damage.
You feel drained. Duvessa hits you but does no damage.
You feel drained.
Duvessa hits you with a +2 short sword of draining!
You feel drained.
Your horns disappear.
Your talons disappear.
Your +0 pair of boots unmelds from your body.
Duvessa hits you with a +2 short sword of draining!
* * * LOW HITPOINT WARNING * * *
You feel drained.
You feel much better. Duvessa barely misses you. x2
Duvessa hits you but does no damage.
You feel drained.
Duvessa hits you with a +2 short sword of draining.
You feel drained.
Duvessa hits you with a +2 short sword of draining.
You feel drained.
Duvessa hits you with a +2 short sword of draining!
You feel drained.
Duvessa hits you with a +2 short sword of draining!
* * * LOW HITPOINT WARNING * * *
You feel drained.
Duvessa hits you with a +2 short sword of draining.
* * * LOW HITPOINT WARNING * * *
You feel drained.
* * * LOW HITPOINT WARNING * * *
You sock Duvessa!
Duvessa is moderately wounded.
Duvessa hits you with a +2 short sword of draining.
You die...

###.#.♣_.....≈≈≈##...#
#.#..)......≈≈#..#.#
#.#.........≈≈####.#
#.######.####### #.#
#.# #.#.....# #.# #.#
#...>#### #.#
##.######.#.## #.#
##)........#.#######.#
....#####..#....@ee..#
###.# #..###########
#.# #..# #.# #..# #.#
#..# #.# #..# ###.#
#..# ....# #..#
#########..#


You could see Duvessa (fast) and Dowan.

Vanquished Creatures
  A centaur zombie (D:3)
  Jessica (D:3)
  3 gnolls (D:4)
  2 adders
  A dart slug (D:3)
  11 orcs
  6 ball pythons
  6 endoplasms
  3 giant cockroaches
  3 goblins
  3 hobgoblins
  2 quokkas
  2 bats
  3 frilled lizards
  2 kobolds
  3 rats (D:1)
52 creatures vanquished.

Vanquished Creatures (others)
  A butterfly (D:3)
  A fungus (D:4)
2 creatures vanquished.

Grand Total: 54 creatures vanquished

Notes
Turn   | Place    | Note
-------+----------+-------------------------------------------
     0 | D:1      | themarg the Gnoll Transmuter began the quest for the Orb.
     0 | D:1      | Reached XP level 1. HP: 17/17 MP: 6/6
   445 | D:1      | Reached XP level 2. HP: 8/23 MP: 7/7
   710 | D:1      | Learned a level 2 spell: Wereblood
  1197 | D:2      | Found a faded altar of an unknown god.
  1208 | D:2      | Prayed at the altar of an unknown god.
  1208 | D:2      | Became a worshipper of Vehumet
  1208 | D:2      | Reached * piety under Vehumet
  1208 | D:2      | Offered knowledge of Freeze by Vehumet.
  1265 | D:2      | HP: 1/23 [orc/+0 short sword (5)]
  1637 | D:2      | Reached XP level 3. HP: 20/28 MP: 7/9
  1642 | D:2      | Reached skill level 5 in Spellcasting
  2034 | D:2      | Reached skill level 1 in Invocations
  2123 | D:2      | Found Keheza Jeam's Armour Shop.
  2508 | D:3      | Reached skill level 1 in Short Blades
  2508 | D:3      | Reached skill level 1 in Long Blades
  2508 | D:3      | Reached skill level 1 in Axes
  2508 | D:3      | Reached skill level 1 in Maces & Flails
  2508 | D:3      | Reached skill level 1 in Polearms
  2508 | D:3      | Reached skill level 1 in Staves
  2508 | D:3      | Reached skill level 1 in Slings
  2508 | D:3      | Reached skill level 1 in Bows
  2508 | D:3      | Reached skill level 1 in Crossbows
  2508 | D:3      | Reached skill level 1 in Throwing
  2508 | D:3      | Reached skill level 1 in Armour
  2508 | D:3      | Reached skill level 1 in Stealth
  2508 | D:3      | Reached skill level 1 in Shields
  2508 | D:3      | Reached skill level 1 in Evocations
  2572 | D:3      | Reached XP level 4. HP: 33/33 MP: 11/11
  2747 | D:3      | Reached ** piety under Vehumet
  2747 | D:3      | Offered knowledge of Static Discharge by Vehumet.
  2845 | D:3      | Noticed Jessica
  2852 | D:3      | Killed Jessica
  2853 | D:3      | Reached skill level 1 in Conjurations
  2853 | D:3      | Reached skill level 1 in Hexes
  2853 | D:3      | Reached skill level 1 in Summonings
  2853 | D:3      | Reached skill level 1 in Necromancy
  2853 | D:3      | Reached skill level 1 in Translocations
  2853 | D:3      | Reached skill level 1 in Fire Magic
  2853 | D:3      | Reached skill level 1 in Ice Magic
  2853 | D:3      | Reached skill level 1 in Air Magic
  2853 | D:3      | Reached skill level 1 in Earth Magic
  2853 | D:3      | Reached skill level 1 in Poison Magic
  3075 | D:3      | Found a white marble altar of Elyvilon.
  3249 | D:3      | Reached XP level 5. HP: 31/40 MP: 10/12
  3492 | D:4      | Found a hazy altar of Hepliaklqana.
  3493 | D:4      | Found an opulent altar of Gozag.
  3493 | D:4      | Found a basalt altar of Yredelemnul.
  3495 | D:4      | Found an ancient bone altar of Kikubaaqudgha.
  4105 | D:4      | Found Fulujyk's Antique Weapon Emporium.
  4164 | D:4      | Found an ornate altar of the Wu Jian Council.
  4372 | D:4      | Found a snail-covered altar of Cheibriados.
  4377 | D:4      | Found a radiant altar of Vehumet.
  4380 | D:4      | Noticed Dowan
  4382 | D:4      | Noticed Duvessa
  4394 | D:4      | HP: 1/35 [Duvessa/+2 short sword of draining (8)]
  4416 | D:4      | Slain by Duvessa

Illustrated notes

Levels and vault maps discovered:
D:1:      dpeg_arrival_ternary, layout_basic
D:2:      layout_rooms, basic_ecumenical_altar, serial_shops,
          nicolae_square_shop, grunt_ministairs_7
D:3:      layout_basic, nicolae_elyvilon_peaceful_grove,
          kennysheep_cluttered_room, uniq_jessica
D:4:      layout_loops_ring, nzn_wu_jian_contemplation,
          mainiacjoe_overflow_big_doors, grunt_temple_overflow_open,
          serial_shops, shop, uniq_duvessa

Skill      XL: |  1  2  3  4  5 |
---------------+----------------+-----
Spellcasting   | 5 |  5.2
Invocations    | 1 |  1.7
Short Blades   | 1 |  1.5
Long Blades    | 1 |  1.5
Axes           | 1 |  1.5
Maces & Flails | 1 |  1.5
Polearms       | 1 |  1.5
Staves         | 1 |  1.5
Slings         | 1 |  1.5
Bows           | 1 |  1.5
Crossbows      | 1 |  1.5
Throwing       | 1 |  1.5
Armour         | 1 |  1.5
Stealth        | 1 |  1.5
Shields        | 1 |  1.5
Evocations     | 1 |  1.5
Conjurations   | 1 |  1.2
Hexes          | 1 |  1.2
Summonings     | 1 |  1.2
Necromancy     | 1 |  1.2
Translocations | 1 |  1.2
Fire Magic     | 1 |  1.2
Ice Magic      | 1 |  1.2
Air Magic      | 1 |  1.2
Earth Magic    | 1 |  1.2
Poison Magic   | 1 |  1.2
Fighting       | 3 |  3.0
Transmutations | 4 |  4.0
Dodging        | |  4.8
Unarmed Combat | |  6.7

Action                   |  1- 3 |  4- 6 || total
-------------------------+-------+-------++-------
Melee: Dagger            |    79 |       ||    79
       Unarmed           |    10 |       ||    10
       Bite              |    13 |     4 ||    17
       Punch             |     5 |     1 ||     6
       Headbutt          |     6 |     3 ||     9
       Kick              |     2 |     3 ||     5
       Flail             |    32 |    48 ||    80
 Cast: Beastly Appendage |     3 |     4 ||     7
  Use: Potion            |       |     2 ||     2
Armor: Robe              |    19 |       ||    19
       Leather armour    |     4 |    14 ||    18
       Skin              |     1 |       ||     1
Dodge: Dodged            |    89 |    50 ||   139
